AoeStats
← ErisFeet

Arabia

510193327Analyzed
1v1 RM · 3d ago on Sep 29, 2026· 35m 59s· 2 players
Game mode
Random Map
Map size
Tiny (2 player)
Population
200
Speed
Normal
Resources
Standard
Victory
Conquest
Starting age
Dark Age
Ending age
Imperial Age
RankedLock teamsTeams togetherTeam positionsShared explorationLock speedFull tech treeHidden civsTurbo modeCheats
Victory
Defeat
🇨🇱 Persians · Chile
1186
+16
🇨🇦 Spanish · Canada
1192
-16
Lianai
6:36 Loom
8:52 Feudal Age
9:43 Double-Bit Axe
11:38 Horse Collar
16:32 Wheelbarrow
19:48 Castle Age
18:20 Gold Mining
18:52 Bloodlines
19:37 Scale Barding Armor
21:02 Husbandry
21:24 Chain Barding Armor
23:04 Forging
29:01 Iron Casting
36:16 Imperial Age
34:10 Stone Mining
34:32 Heavy Plow
35:02 Bow Saw
35:52 Stone Shaft Mining
35:53 Gold Shaft Mining
ErisFeet
7:49 Loom
11:20 Feudal Age
17:47 Castle Age
16:56 Double-Bit Axe
18:05 Horse Collar
20:25 Bow Saw
22:17 Gold Mining
28:08 Padded Archer Armor
29:38 Heavy Plow
33:16 Fletching
33:02 Pikeman
34:11 Scale Mail Armor
34:30 Squires
35:36 Forging
Connection lost

Rejoining the realm…

Still unreachable

The connection could not be restored.

Session expired

The server has moved on; the page needs a fresh start.